 Dungeon Crawl Stone Soup version 0.29.1-12-g30fa7ad0bf (webtiles) character file.

Game seed: 11443829736777610873

58 MisterFreud the Trooper (level 3, -6/36 HPs)
             Began as a Minotaur Fighter on Dec 28, 2022.
             Mangled by an ogre
             ... wielding a +0 giant club
              (16 damage)
             ... on level 3 of the Dungeon.
             The game lasted 00:01:46 (2028 turns).

MisterFreud the Trooper (Minotaur Fighter)          Turns: 2028, Time: 00:01:47

Health: -6/36      AC:  6    Str: 22    XL:     3   Next: 76%
Magic:  2/2        EV:  9    Int:  5    God:
Gold:   68         SH:  5    Dex:  9    Spells: 2/2 levels left

rFire   . . .      SeeInvis .   n - +0 double sword
rCold   . . .      Faith    .   c - +1 buckler
rNeg    . . .      Spirit   .   b - +0 scale mail
rPois   .          Reflect  .   (helmet restricted)
rElec   .          Harm     .   (no cloak)
rCorr   .          Rampage  .   (no gloves)
Will    .....                   (no boots)
Stlth   ..........              (no amulet)
HPRegen 0.12/turn               (no ring)
MPRegen 0.08/turn               (no ring)

@: no status effects
A: horns 2, retaliatory headbutt
a: no special abilities


You were on level 3 of the Dungeon.
You visited 1 branch of the dungeon, and saw 3 of its levels.

You collected 68 gold pieces.

Inventory:

Hand Weapons
 a - a +0 long sword
 n - a +0 double sword (weapon)
Missiles
 e - 3 silver javelins (quivered)
Armour
 b - a +0 scale mail (worn)
 c - a +1 buckler (worn)
Potions
 d - a potion of might
 f - a potion of curing
 i - a potion of invisibility {unknown}
 m - 3 potions of degeneration


   Skills:
 + Level 5.5 Fighting
 + Level 2.4 Long Blades
 - Level 3.6 Armour
 - Level 4.0 Shields


You had 2 spell levels left.
You didn't know any spells.
Your spell library contained the following spells:

 Spells                   Type           Power      Damage    Failure   Level
 Shock                    Conj/Air       0%         1d3       87%         1
 Summon Small Mammal      Summ           0%         N/A       87%         1
 Call Canine Familiar     Summ           0%         N/A       99%         3
 Portal Projectile        Hex/Tloc       0%         N/A       99%         3
 Summon Guardian Golem    Hex/Summ       0%         N/A       99%         3
 Swiftness                Air            0%         N/A       99%         3
 Tukima's Dance           Hex            0%         N/A       99%         3
 Airstrike                Air            0%         2d(0-16)  100%        4
 Blade Hands              Tmut           0%         N/A       100%        5


Dungeon Overview and Level Annotations

Branches:
Dungeon (3/15)

Altars:
Ashenzari


Innate Abilities, Weirdness & Mutations

You have a pair of horns on your head.
You reflexively headbutt those who attack you in melee.


Message History

You hit the hobgoblin but do no damage. The hobgoblin hits you.
A hobgoblin is nearby!
You barely miss the hobgoblin.
You headbutt the hobgoblin, but do no damage.
The hobgoblin hits you. The hobgoblin closely misses you.
A hobgoblin is nearby!
You hit the hobgoblin. Your headbutt misses the hobgoblin.
The hobgoblin is almost dead.
The hobgoblin closely misses you.
You hit the hobgoblin.
You kill the hobgoblin!
HP restored.
There is a stone staircase leading up here.
m - 3 potions of degeneration (gained 1)
e - 3 silver javelins No target in view!
Found a dagger.
You see here a +0 dagger.
You pick up a book of Callings and begin reading...
You add the spells Summon Small Mammal, Call Canine Familiar and Summon Guardian Golem to your library.
No target in view!
You now have 68 gold pieces (gained 15).
An ogre comes into view. It is wielding a +0 giant club.
The ogre shouts!
An ogre is nearby!
An ogre is nearby!
The ogre closely misses you.
You slash the ogre!
The ogre is moderately wounded.
The ogre hits you with a +0 giant club!!
Ouch! That really hurt!
* * * LOW HITPOINT WARNING * * *
You are too injured to fight recklessly!
You hit the ogre but do no damage.
The ogre is moderately wounded.
The ogre closely misses you.
You slash the ogre!
The ogre is severely wounded.
The ogre hits you with a +0 giant club!
You die...

#.# ... #.# ##
#.### #......
#..#..# #..#O.#
####...@.# ...
.....#...# ....
####.....# #..#
###...# #..#
#.#.# #..#
#.#.# #..#
#.#.########..#
#.#...........#
#.##########..#


You could see an ogre.

Vanquished Creatures
  2 adders (D:2)
  A dart slug (D:1)
  3 bats
  5 endoplasms
  A giant cockroach (D:2)
  5 goblins
  5 hobgoblins
  A quokka (D:1)
  3 ball pythons (D:1)
  6 frilled lizards
  3 kobolds
  3 rats
38 creatures vanquished.

Vanquished Creatures (others)
  A fungus (D:1)
1 creature vanquished.

Grand Total: 39 creatures vanquished

Notes
Turn   | Place    | Note
-------+----------+-------------------------------------------
     0 | D:1      | MisterFreud the Minotaur Fighter began the quest for the
                  | Orb.
     0 | D:1      | Reached XP level 1. HP: 19/19 MP: 0/0
   186 | D:1      | Reached skill level 4 in Fighting
   271 | D:1      | Reached XP level 2. HP: 21/28 MP: 1/1
   782 | D:1      | Reached skill level 5 in Fighting
   782 | D:1      | Reached XP level 3. HP: 34/36 MP: 2/2
   937 | D:1      | Found a faded altar of an unknown god.
  1732 | D:2      | Found a broken altar of Ashenzari.
  2022 | D:3      | Noticed an ogre
  2028 | D:3      | Mangled by an ogre

Illustrated notes

Levels and vault maps discovered:
D:1:      shiori_arrival_oz, layout_basic, shapermc_ecumenical_altar_ellora,
          serial_bayou_pond_e, serial_bayou_pond_d
D:2:      layout_loops_cross, basic_altar
D:3:      layout_loops_ring, tgw_kikubaaqudgha

Skill      XL: |  1  2  3 |
---------------+----------+-----
Fighting       | 4 5 |  5.5
Shields        | 4 |  4.0
Long Blades    | |  2.4
Armour         | |  3.6

Action                   || total
-------------------------++-------
Melee: Long sword        ||    85
       Headbutt          ||    13
       Double sword      ||     8
  Use: Scroll            ||     8
Armor: Scale mail        ||    32
Dodge: Dodged            ||    43
Block: Buckler           ||    17
